 Dungeon Crawl Stone Soup version 0.29-a0-719-g0fec994a2d (webtiles) character file.

Game seed: 5003214269234966603

2588 Bnni the Skirmisher (level 9, -1/72 HPs)
             Began as a Demonspawn Hunter on June 27, 2022.
             Was an Initiate of Okawaru.
             Slain by a black bear (8 damage)
             ... on level 7 of the Dungeon.
             The game lasted 00:15:31 (7031 turns).

Bnni the Skirmisher (Demonspawn Hunter)             Turns: 7031, Time: 00:15:32

Health: -1/72      AC: 13    Str: 14    XL:     9   Next: 32%
Magic:  9/9        EV:  9    Int: 15    God:    Okawaru [......]
Gold:   302        SH:  0    Dex: 20    Spells: 7/8 levels left

rFire   . . .      SeeInvis +   v - +0 arbalest (vorpal)
rCold   . . .      Faith    .   (shield currently unavailable)
rNeg    . . .      Spirit   .   k - +2 scale mail of the Leaf {Harm Str+2 Int+4}
rPois   .          Reflect  .   (helmet unavailable)
rElec   .          Harm     +   d - +0 cloak
rCorr   .          Rampage  .   s - +1 pair of gloves
Will    .....                   A - +0 pair of boots
Stlth   +.........              (no amulet)
HPRegen 0.22/turn               o - ring of wizardry
MPRegen 0.11/turn               (no ring)

@: no status effects
A: antennae 3, powered by pain 1, sharp scales 1
a: Renounce Religion


You were on level 7 of the Dungeon.
You worshipped Okawaru.
Okawaru was noncommittal.
You visited 2 branches of the dungeon, and saw 8 of its levels.
You also visited: Ossuary.

You collected 452 gold pieces.
You spent 150 gold pieces at shops.

Inventory:

Hand Weapons
 v - a +0 vorpal arbalest (weapon)
 z - a +2 whip of venom
Missiles
 r - 6 poisoned darts
Armour
 d - a +0 cloak (worn)
 k - the +2 scale mail of the Leaf (worn) {Harm Str+2 Int+4}
   (You found it on level 5 of the Dungeon)

   Str:       It affects your strength (+2).
   Int:       It affects your intelligence (+4).
   Harm:      It increases damage dealt and taken.
 s - a +1 pair of gloves (worn)
 A - a +0 pair of boots (worn)
Jewellery
 o - a ring of wizardry (left hand)
 x - a ring of fire
Wands
 y - a wand of iceblast (17)
 E - a wand of flame (25)
Scrolls
 b - a scroll of immolation
 e - 3 scrolls of magic mapping
 f - 2 scrolls of poison {unknown}
 i - 2 scrolls of blinking {unknown}
 j - 2 scrolls of vulnerability
 l - 6 scrolls of amnesia
 m - a scroll of acquirement {unknown}
 n - 2 scrolls of teleportation
 p - 2 scrolls of fog
 q - a scroll of torment {unknown}
 t - a scroll of enchant armour {unknown}
 w - a scroll of fear {unknown}
 F - 2 scrolls of brand weapon {unknown}
 G - a scroll of noise {unknown}
Potions
 a - 2 potions of flight
 c - 2 potions of brilliance
 g - a potion of attraction
 h - 6 potions of curing
 u - a potion of berserk rage {unknown}
 B - 3 potions of ambrosia
 C - 4 potions of resistance
 D - a potion of mutation {unknown}


   Skills:
 + Level 7.6 Fighting
 * Level 10.3 Ranged Weapons
 - Level 1.7 Dodging
 - Level 0.8 Stealth
 + Level 0.0 Invocations


You had 7 spell levels left.
You knew the following spells:

 Your Spells              Type           Power      Damage    Failure   Level
a - Slow                  Hex            0%         N/A       43%         1

Your spell library contained the following spells:

 Spells                   Type           Power      Damage    Failure   Level
 Apportation              Tloc           0%         N/A       43%         1
 Foxfire                  Conj/Fire      0%         2x1d4     43%         1
 Necrotize                Necr           0%         1d4       43%         1
 Confusing Touch          Hex            0%         N/A       78%         3
 Conjure Flame            Conj/Fire      0%         6-21      78%         3
 Inner Flame              Hex/Fire       0%         N/A       78%         3
 Vampiric Draining        Necr           0%         2d6       78%         3
 Flame Wave               Conj/Fire      0%         2d4       99%         4
 Chain Lightning          Conj/Air       0%         N/A       100%        9
 Fire Storm               Conj/Fire      0%         5d1       100%        9
 Shatter                  Erth           0%         3d5*      100%        9
 Summon Small Mammal      Summ           Unusable   N/A       N/A         1
 Call Canine Familiar     Summ           Unusable   N/A       N/A         3
 Summon Guardian Golem    Hex/Summ       Unusable   N/A       N/A         3

Dungeon Overview and Level Annotations

Branches:
Dungeon (7/15)             Temple (1/1) D:7         Ossuary (visited)

Altars:
Ashenzari
Cheibriados
Dithmenos
Elyvilon
Fedhas
Gozag
Hepliaklqana
Kikubaaqudgha
Makhleb
Nemelex Xobeh
Okawaru
Qazlal
Ru
Trog
Uskayaw
Vehumet
Wu Jian
Xom
Zin
The Shining One

Shops:
D:1 (   D:4 ?

Annotations:
D:6 1 runed translucent door, Essalna's ghost, novice TeAE


Innate Abilities, Weirdness & Mutations

You have a pair of large antennae on your head. (SInv)
You sometimes gain a little power by taking damage.
You are partially covered in razor-sharp scales. (AC +1, Slay +1)


Message History

The black bear bites you but does no damage.
The black bear closely misses you.
The black bear claws you but does no damage.
The orc warrior hits you from afar with a +0 halberd.
The black bear bites you but does no damage.
The black bear barely misses you.
The black bear claws you but does no damage.
The orc warrior hits you from afar with a +0 halberd!
You are too injured to fight recklessly!
You are too injured to fight recklessly!
Unknown command.
Fire: v) +0 arbalest (vorpal)
Press: ? - help, Shift-Dir - straight line, f/p - black bear
Aim: a black bear (severely wounded, 75% to hit)
You shoot a bolt. The bolt closely misses the black bear.
The bolt hits the orc warrior!
The orc warrior is heavily wounded.
The black bear misses you.
The black bear claws you but does no damage.
The black bear claws you.
The orc warrior hits you from afar with a +0 halberd!
* * * LOW HITPOINT WARNING * * *
The black bear bites you.
* * * LOW HITPOINT WARNING * * *
The black bear claws you but does no damage.
The black bear misses you. The orc warrior barely misses you.
You feel better. The black bear bites you.
* * * LOW HITPOINT WARNING * * *
The black bear claws you but does no damage.
The black bear claws you.
* * * LOW HITPOINT WARNING * * *
The orc warrior hits you from afar with a +0 halberd.
* * * LOW HITPOINT WARNING * * *
The black bear attacks as you move away!
The black bear bites you.
* * * LOW HITPOINT WARNING * * *
The black bear barely misses you. x2
The black bear attacks as you move away!
The black bear bites you!
You die...

#.,,.....................
#.**#.######.#..#.###.#.#
##.###.######.#.##.....#.#
#....#>...................
#....########.#...........
#....* #.###.####.#.#
****###....########.# #.# #,..,
*,,,..'....oooh..##.###.####...*
****###....####@...............*
#....*###..#####..#####..#
#....*#..................#
#####*#.#..#.###......#.##
#.#..#.# #....>...#
#.#....###..#######
######.#.........########
#........<...........##..
###########..........##..


You could see an orc warrior, a black bear and 2 orcs.

Vanquished Creatures
  Grinder (D:4)
  Sigmund (D:6)
  A wyvern (D:7)
  A steam dragon (D:6)
  Menkaure (D:4)
  Duvessa (D:4)
  A water moccasin (D:7)
  A black bear (D:7)
  2 sky beasts
  An ogre (D:5)
  2 bullfrogs (D:7)
  An elf zombie (Ossuary)
  A necrophage (D:7)
  4 scorpions
  Dowan (D:4)
  4 hounds
  Crazy Yiuf (D:2)
  A jelly (D:7)
  A gnoll shaman (D:5)
  4 orc priests
  3 iguanas
  An orc wizard (D:5)
  4 mummies (Ossuary)
  8 gnolls
  7 adders
  3 shadow imps
  A white imp (D:6)
  2 adder zombies (Ossuary)
  A worm (D:2)
  4 dart slugs
  8 orcs
  8 bats
  3 endoplasms
  2 giant cockroaches (D:3)
  A gnoll zombie (Ossuary)
  3 goblins
  6 hobgoblins
  3 jackals (D:5)
  4 kobolds
  A quokka (D:2)
  2 ball pythons
  A frilled lizard (D:2)
  A goblin skeleton (D:6)
  A goblin zombie (Ossuary)
  6 hobgoblin zombies
  2 jackal zombies (Ossuary)
  A kobold skeleton (D:6)
  2 kobold zombies
  4 orc zombies
  3 rats
  A rat zombie (Ossuary)
128 creatures vanquished.

Notes
Turn   | Place    | Note
-------+----------+-------------------------------------------
     0 | D:1      | Bnni the Demonspawn Hunter began the quest for the Orb.
     0 | D:1      | Reached XP level 1. HP: 16/16 MP: 1/1
   103 | D:1      | Found a faded altar of an unknown god.
   347 | D:1      | Found Coofa's Antique Weapon Boutique.
   350 | D:1      | Gained mutation: You are partially covered in razor-sharp
                  | scales. (AC +1, Slay +1) [demonic ancestry]
   350 | D:1      | Reached XP level 2. HP: 22/22 MP: 2/2
   661 | D:2      | Reached skill level 4 in Ranged Weapons
   792 | D:2      | Identified the +2 robe of Gravitas {*Slow Int+5 Archmagi}
   867 | D:2      | Found a runed translucent door.
   868 | D:2      | Noticed Crazy Yiuf
  1447 | D:2      | Learned a level 1 spell: Slow
  1469 | D:2      | Killed Crazy Yiuf
  1470 | D:2      | Gained mutation: You sometimes gain a little power by
                  | taking damage. [demonic ancestry]
  1470 | D:2      | Reached XP level 3. HP: 16/28 MP: 3/3
  1761 | D:3      | Gained mutation: You have a pair of small antennae on your
                  | head. [demonic ancestry]
  1761 | D:3      | Reached XP level 4. HP: 12/34 MP: 4/4
  2271 | D:3      | Reached skill level 5 in Ranged Weapons
  2673 | D:4      | Noticed Grinder
  3058 | D:1      | Bought a runed arbalest for 150 gold pieces
  3146 | D:4      | Gained mutation: You have a pair of antennae on your head.
                  | [demonic ancestry]
  3146 | D:4      | Reached XP level 5. HP: 41/41 MP: 5/5
  3151 | D:4      | Noticed Duvessa
  3151 | D:4      | Noticed Dowan
  3273 | D:4      | Killed Grinder
  3274 | D:4      | Reached skill level 6 in Ranged Weapons
  3274 | D:4      | Reached XP level 6. HP: 48/48 MP: 6/6
  3293 | D:4      | Found an opulent altar of Gozag.
  3342 | D:4      | Noticed Menkaure
  3348 | D:4      | Killed Menkaure
  3582 | D:4      | Killed Dowan
  3586 | D:4      | Killed Duvessa
  3587 | D:4      | Gained mutation: You have a pair of large antennae on your
                  | head. (SInv) [demonic ancestry]
  3587 | D:4      | Reached XP level 7. HP: 14/55 MP: 7/7
  3990 | D:4      | Found Simpihyo's Magic Scroll Shop.
  4079 | D:4      | Identified the +1 helmet of Apathy {Dex+2}
  4303 | D:5      | Entered Level 5 of the Dungeon
  4305 | D:5      | Identified the +2 scale mail of the Leaf {Harm Str+2 Int+4}
  4311 | D:5      | Reached skill level 7 in Ranged Weapons
  4370 | D:5      | Found a snail-covered altar of Cheibriados.
  4467 | D:5      | Reached skill level 5 in Fighting
  4764 | D:5      | Reached XP level 8. HP: 36/63 MP: 8/8
  5116 | D:6      | Found a runed translucent door.
  5116 | D:6      | Found a shimmering altar of Xom.
  5116 | D:6      | Noticed Essalna's ghost (novice TeAE)
  5116 | D:6      | Noticed a +1 rapier of chaos
  5158 | D:6      | Reached skill level 8 in Ranged Weapons
  5757 | D:6      | Noticed Sigmund
  5767 | D:6      | Killed Sigmund
  5768 | D:6      | Reached skill level 9 in Ranged Weapons
  6095 | D:7      | Reached XP level 9. HP: 72/72 MP: 9/9
  6193 | D:7      | Found a sand-covered staircase.
  6198 | Ossuary  | Entered an ossuary
  6354 | Ossuary  | Reached skill level 10 in Ranged Weapons
  6489 | D:7      | Found a staircase to the Ecumenical Temple.
  6494 | Temple   | Entered the Ecumenical Temple
  6646 | Temple   | Became a worshipper of Warmaster Okawaru
  7031 | D:7      | Slain by a black bear

Illustrated notes

Levels and vault maps discovered:
D:1:      matt_arrival_grand_opening, layout_basic, basic_ecumenical_altar,
          serial_shops, nicolae_shop_stone, minmay_misc_feat_hallway
D:2:      layout_loops_ring, uniq_crazy_yiuf_cottage
D:3:      layout_rooms
D:4:      layout_loops_ring, nicolae_overflow_crystal_walls, serial_shops,
          nicolae_shop_crystal, uniq_grinder, uniq_menkaure, uniq_duvessa
D:5:      layout_gridville, kennysheep_little_box, corexii_hall_statues_l
D:6:      layout_basic, nicolae_tso_besieged_by_evil, ebering_ghost_xom,
          grunt_ministairs_3, minivault_23, uniq_sigmund
D:7:      layout_basic, minmay_temple_entry_nine_rooms,
          lightli_ossuary_entry_decrepit_ruins, st_stairs_9
Temple:   minmay_temple_bridge_d

Skill      XL: |  1  2  3  4  5  6  7  8  9 |
---------------+----------------------------+-----
Ranged Weapons | 4 5 6 7 9 10 | 10.3
Fighting       | 3 4 5 7 |  7.6
Dodging        | |  1.7
Stealth        | |  0.8

Action                   |  1- 3 |  4- 6 |  7- 9 || total
-------------------------+-------+-------+-------++-------
 Fire: Shortbow          |    73 |    58 |       ||   131
       Arbalest          |       |    28 |   212 ||   240
 Cast: Slow              |     1 |       |       ||     1
  Use: Potion            |     3 |     1 |     3 ||     7
       Scroll            |       |       |     9 ||     9
Armor: Leather armour    |     6 |       |       ||     6
       Ring mail         |    21 |    30 |     9 ||    60
       Scale mail        |       |       |   163 ||   163
Dodge: Dodged            |    28 |    18 |   136 ||   182

Table legend: (Time is in decaauts)
 A = Elapsed time spent in this place.
 B = Non-inter-level travel time spent in this place.
 C = Inter-level travel time spent in this place.
 D = Time resting spent in this place.
 E = Time spent auto-exploring this place.
 F = Levels seen in this place.
 G = Mean time per level.
                   A        B        C        D        E       F      G
               +--------+--------+--------+--------+--------+-----+--------+
         Total |   7254 |   6713 |    541 |   1470 |   4071 |   9 |  806.0 |
       Dungeon |   6818 |   6374 |    444 |   1470 |   3818 |   7 |  974.0 |
        Temple |    221 |    124 |     97 |      0 |    119 |   1 |  221.0 |
       Ossuary |    215 |    215 |      0 |      0 |    134 |   1 |  215.0 |
               +--------+--------+--------+--------+--------+-----+--------+

Top non-repeatable levels by time:
     D:3: 1307 daAuts
     D:4: 1279 daAuts
     D:2: 1123 daAuts
     D:6: 1098 daAuts
     D:5: 765 daAuts
     D:1: 673 daAuts
     D:7: 570 daAuts
  Temple: 221 daAuts
 Ossuary: 215 daAuts
